 Dungeon Crawl Stone Soup version 0.31.0-9-g3a7656b989 (webtiles) character file.

Game seed: 17738567151881293984

340 qw the Shooter (level 6, -5/30 HPs)
             Began as a Spriggan Hunter on Feb 2, 2024.
             Killed from afar by Blork the orc (9 damage)
             ... with a puff of frost
             ... on level 4 of the Dungeon.
             The game lasted 00:00:10 (2508 turns).

qw the Shooter (Spriggan Hunter)                    Turns: 2508, Time: 00:00:11

Health: -5/30      AC:  5    Str:  7    XL:     6   Next: 30%
Magic:  7/7        EV: 21    Int: 10    God:
Gold:   161        SH:  0    Dex: 21    Spells: 5/5 levels left

rFire   . . .        a - +0 shortbow
rCold   . . .        (shield currently unavailable)
rNeg    . . .        c - +0 robe
rPois   .            (helmet restricted)
rElec   .            i - +2 cloak
rCorr   .            (gloves unavailable)
SInv    +            (boots unavailable)
Will    ++...        (no amulet)
Stlth   ++           g - ring of willpower
HPRegen 0.25/turn    (no ring)
MPRegen 0.10/turn

%: no passive effects
@: about to teleport, very quick
A: very small, no large weapons, unfitting armour, see invisible, speed 3
a: no special abilities


You were on level 4 of the Dungeon.
You visited 1 branch of the dungeon, and saw 4 of its levels.

You collected 239 gold pieces.
You spent 78 gold pieces at shops.


Innate Abilities, Weirdness & Mutations

You are very small and have problems with some larger weapons.
You are too small for most types of armour.
You have supernaturally acute eyesight. (SInv)
You cover ground extremely quickly. (Speed+++)


   Skills:
 - Level 2.0 Fighting
 - Level 6.4 Ranged Weapons
 + Level 5.4 Dodging
 - Level 1.5 Stealth


You had 5 spell levels left.
You didn't know any spells.
Your spell library was empty.

Inventory:

Hand Weapons
 a - a +0 shortbow (weapon)
Armour
 c - a +0 robe (worn)
 i - a +2 cloak (worn)
Jewellery
 g - a ring of willpower (left hand)
Scrolls
 b - 3 scrolls of teleportation
 d - 4 scrolls of identify
Potions
 f - a potion of enlightenment

Dungeon Overview and Level Annotations

Branches:
Dungeon (4/15)
 Temple: D:4-7

Altars:
Nemelex Xobeh

Shops:
D:3 ?

Annotations:
D:4 Blork the orc


Message History

Blork the orc shouts!
The arrow hits the adder!
The adder is almost dead.
You shoot an arrow. The arrow hits the adder.
You kill the adder!
You shoot an arrow. The arrow hits Blork the orc.
Blork the orc is lightly wounded.
You shoot an arrow.
The arrow hits Blork the orc but does no damage.
Blork the orc is lightly wounded.
You shoot an arrow. The arrow closely misses Blork the orc.
Blork the orc casts a spell.
Blork the orc seems to speed up.
You shoot an arrow. The arrow hits Blork the orc!
Blork the orc is moderately wounded.
Blork the orc gestures at you while chanting.
The magic dart hits you.
You shoot an arrow.
The arrow hits Blork the orc but does no damage.
Blork the orc is moderately wounded.
Blork the orc hits you from afar with a +0 glaive!
Blork the orc closely misses you.
You shoot an arrow. The arrow hits Blork the orc.
Blork the orc is heavily wounded.
Blork the orc barely misses you. Blork the orc closely misses you.
You shoot an arrow. The arrow hits Blork the orc.
Blork the orc is heavily wounded.
Blork the orc gestures at you while chanting.
The puff of frost hits you!
You shoot an arrow. The arrow hits Blork the orc!
Blork the orc is almost dead.
Blork the orc closely misses you. Blork the orc casts a spell at you.
The magic dart hits you.
2508 ||| READING 4 scrolls of teleportation.
As you read the scroll of teleportation, it crumbles to dust.
You feel strangely unstable. Blork the orc casts a spell at you.
The puff of frost hits you!
You die...

.................##
..................#
...........>.........
.......[..........##.#
.....%............# #
....................
......<............##
##...............>..
..###.#.#..@........ #
#.#.#..........
%...#....o....#
###.......!<%...
#####.........
##..%..... ####.....
###..


You could see Blork the orc (fast).

Vanquished Creatures
  Sigmund (D:3)
  A gnoll bouda (D:3)
  3 adders
  5 gnolls
  4 dart slugs
  A ribbon worm (D:2)
  An orc (D:3)
  8 endoplasms
  3 giant cockroaches
  4 goblins
  5 hobgoblins
  9 jackals
  5 quokkas
  3 ball pythons
  A bat (D:1)
  5 kobolds
  6 rats
65 creatures vanquished.

Notes
Turn   | Place    | Note
-------+----------+-------------------------------------------
     0 | D:1      | qw the Spriggan Hunter began the quest for the Orb.
     0 | D:1      | Reached XP level 1. HP: 10/10 MP: 2/2
     0 | D:1      | 0 ||| qw: Version: 0.3-a-155-g5e7d8dd
     0 | D:1      | 0 ||| qw: Game counter: 231
     0 | D:1      | 0 ||| qw: Melee chars always use a shield: true
     0 | D:1      | 0 ||| qw: God list: Okawaru
     0 | D:1      | 0 ||| qw: Allow faded altars: false
     0 | D:1      | 0 ||| qw: Do Orc after clearing Dungeon:15 true
     0 | D:1      | 0 ||| qw: Do second Lair branch before Depths: true
     0 | D:1      | 0 ||| qw: Lair rune preference: random
     0 | D:1      | 0 ||| qw: Goals: Normal
     0 | D:1      | 0 ||| PLANNING D:1-11
   183 | D:1      | Reached skill level 3 in Dodging
   324 | D:1      | Reached XP level 2. HP: 14/14 MP: 3/3
   388 | D:1      | Found a faded altar of an unknown god.
   685 | D:1      | 685 ||| UPGRADING to ring of willpower.
   686 | D:1      | 686 ||| READING scroll labelled VEBBAA ZUVUFY.
   690 | D:1      | 690 ||| READING scroll labelled VEZXOKHESAU.
   690 | D:1      | 690 ||| ENCHANTING +0 shortbow.
   691 | D:1      | 691 ||| DROPPING scroll of butterflies.
   885 | D:2      | Reached XP level 3. HP: 18/18 MP: 4/4
  1233 | D:2      | 1233 ||| UPGRADING to +0 cloak.
  1238 | D:2      | 1238 ||| READING 2 scrolls of enchant armour.
  1238 | D:2      | 1238 ||| ENCHANTING +0 cloak.
  1239 | D:2      | 1239 ||| READING scroll of enchant armour.
  1239 | D:2      | 1239 ||| ENCHANTING +1 cloak.
  1240 | D:2      | 1240 ||| READING scroll labelled EMNABI IJEYHIPENG.
  1241 | D:2      | 1241 ||| READING 2 scrolls labelled WIRCHU ZAMI.
  1241 | D:2      | 1241 ||| IDENTIFYING metallic golden potion
  1242 | D:2      | 1242 ||| READING scroll of identify.
  1242 | D:2      | 1242 ||| IDENTIFYING brown potion
  1243 | D:2      | 1243 ||| DROPPING potion of magic.
  1257 | D:3      | Noticed Sigmund
  1262 | D:3      | 1262 ||| STAIRDANCE
  1293 | D:3      | Killed Sigmund
  1294 | D:3      | Reached skill level 6 in Ranged Weapons
  1294 | D:3      | Reached XP level 4. HP: 15/22 MP: 5/5
  1294 | D:3      | Reached XP level 5. HP: 17/25 MP: 6/6
  1302 | D:3      | 1302 ||| STAIRDANCE
  1436 | D:3      | Found a sparkling altar of Nemelex Xobeh.
  1833 | D:3      | Found Fippashidd's Magic Scroll Boutique.
  1842 | D:3      | 1842 ||| BUYING 3 scrolls of identify (78 gold).
  1842 | D:3      | Bought 3 scrolls of identify for 78 gold pieces
  2245 | D:4      | 2245 ||| STAIRDANCE
  2270 | D:4      | 2270 ||| STAIRDANCE
  2318 | D:4      | 2318 ||| STAIRDANCE
  2330 | D:4      | 2330 ||| STAIRDANCE
  2333 | D:3      | Reached XP level 6. HP: 29/30 MP: 7/7
  2337 | D:4      | 2337 ||| STAIRDANCE
  2422 | D:4      | 2422 ||| STAIRDANCE
  2430 | D:4      | 2430 ||| STAIRDANCE
  2497 | D:4      | Noticed Blork the orc
  2507 | D:4      | HP: 4/30 [Blork the orc/magic dart (5)]
  2508 | D:4      | 2508 ||| READING 4 scrolls of teleportation.
  2508 | D:4      | Killed from afar by Blork the orc

Levels and vault maps discovered:
D:1:      lightli_arrival_maybe_door_vault, layout_loops_cross,
          dilly_ecumenical_altar_fadedgnrine, chequers_serial_rivers_large_b,
          st_stairs_7
D:2:      layout_basic
D:3:      layout_basic, nemelex_dance_club_becter, serial_shops, shop,
          minmay_stone_trees_medium, uniq_sigmund
D:4:      layout_rooms, yredelemnul_forgotten_temple_becter, uniq_grinder,
          uniq_pikel, uniq_blork_the_orc

Skill      XL: |  1  2  3  4  5  6 |
---------------+-------------------+-----
Dodging        | 3 4 5 |  5.4
Ranged Weapons | 6 |  6.4
Fighting       | 2 |  2.0
Stealth        | |  1.5

Action                     |  1- 3 |  4- 6 || total
---------------------------+-------+-------++-------
   Fire: Shortbow          |   103 |   112 ||   215
    Use: Scroll            |     7 |     1 ||     8
 Armour: Robe              |    19 |    25 ||    44
  Dodge: Dodged            |    20 |    81 ||   101

Table legend:
 A = Non-vault XP
 B = Vault XP
 C = Vault XP percentage of total XP
 D = Non-vault monster count
 E = Vault monster count
 F = Vault count percentage of total count
                 A         B        C        D         E       F
            +---------+---------+-------+---------+---------+-------
      Total |     254 |     232 |  47.7 |      61 |       4 |   6.2
            +---------+---------+-------+---------+---------+-------
        D:1 |      29 |       1 |   3.3 |      16 |       1 |   5.9
        D:2 |      37 |       0 |   0.0 |      18 |       0 |   0.0
        D:3 |     134 |     231 |  63.3 |      19 |       3 |  13.6
        D:4 |      54 |       0 |   0.0 |       8 |       0 |   0.0
            +---------+---------+-------+---------+---------+-------
